 Dungeon Sprint DCSS version 0.20.1-1-g8b1a95d (console) character file.

13804 hilaritas the Severer (level 11, -9/110 HPs)
             Began as a Deep Dwarf Fighter on Aug 1, 2017.
             Was a High Priest of Uskayaw.
             Mangled by Bifa the pandemonium lord (29 damage)
             ... in the Dungeon (Sprint V: "Ziggurat Sprint").
             The game lasted 00:07:42 (637 turns).

hilaritas the Severer (Deep Dwarf Fighter)           Turns: 637, Time: 00:07:44

Health: -9/110     AC: 27    Str: 42    XL:     11   Next: 80%
Magic:  18/18      EV:  7    Int: 13    God:    Uskayaw [*****.]
Gold:   0          SH: 34    Dex: 12    Spells: 8/10 levels left

rFire    + + .     SeeInvis +   M - +14 obsidian axe {chop, +Fly SInv *Curse} (curse)
rCold    . . .     Gourm    .   N - +18 shield of the Gong {rElec rN+ MR+ EV-5}
rNeg     + + .     Faith    .   l - +5 gold dragon scales
rPois    +         Spirit   .   S - +0 helmet {Int+3}
rElec    +         Reflect  .   (no cloak)
rCorr    .         Harm     .   R - +2 pair of gloves {Str+3}
MR       ++...     NoTele   +   (no boots)
Stlth    ..........             (no amulet)
Regen    0.0/turn               I - +6 ring of strength
MPRegen  0.2/turn               b - ring "Ryaqext" {Fire rN+ Str+6 SInv}

@: mighty, mesmerised, non-regenerating, hasted, very quick
A: damage resistance, heal wounds, sense surroundings 2, no regeneration
a: Heal Wounds, Stomp, Line Pass, Grand Finale, Renounce Religion, Evoke Flight


You were in the Dungeon.
You worshipped Uskayaw.
Uskayaw was pleased with you.
You were not hungry.

You visited 1 branch

Inventory:

Hand Weapons
 M - the cursed +14 obsidian axe (weapon) {chop, +Fly SInv *Curse}
   (You found it in the Dungeon)

   It inflicts extra damage upon your enemies.
   It lets you see invisible.
   It lets you fly.
   It curses itself when equipped.
   It has a curse placed upon it.
 O - the +6 shillelagh "Devastator" {shatter}
   (You found it in the Dungeon)
Armour
 l - +5 gold dragon scales (worn)
 N - the +18 shield of the Gong (worn) {rElec rN+ MR+ EV-5}
   (You found it in the Dungeon)

   It affects your evasion (-5).
   It insulates you from electricity.
   It protects you from negative energy.
   It affects your resistance to hostile enchantments.
 R - a +2 pair of gloves of strength (worn)
 S - a +0 helmet of intelligence (worn)
Jewellery
 b - the ring "Ryaqext" (right hand) {Fire rN+ Str+6 SInv}
   (You found it in the Dungeon)

   [ring of fire]

   It enhances your fire magic.
   It affects your strength (+6).
   It protects you from fire.
   It makes you vulnerable to cold.
   It protects you from negative energy.
   It lets you see invisible.
 c - a +3 ring of evasion
 E - a +6 ring of dexterity
 F - a +6 ring of dexterity
 G - a +6 ring of intelligence
 H - a +6 ring of intelligence
 I - a +6 ring of strength (left hand)
 J - a +6 ring of strength
 K - an uncursed ring of flight
 P - an uncursed ring of fire
 T - an uncursed ring of magical power
Wands
 y - a wand of disintegration (7/24)
 B - a wand of iceblast (5/15)
 C - a wand of lightning (5/15)
 D - a wand of acid (5/15)
Scrolls
 k - 4 scrolls of blinking
 r - 4 scrolls of amnesia
 s - 3 scrolls of recharging
 t - 7 scrolls of fog
 v - 5 scrolls of identify
 w - 5 scrolls of remove curse
 x - 2 scrolls of fear
Potions
 d - 6 potions of might
 e - 10 potions of curing
 g - 9 potions of heal wounds
 h - 5 potions of haste
 i - 7 potions of magic
 j - 3 potions of berserk rage
 m - 2 potions of brilliance
 n - 2 potions of invisibility
 o - 4 potions of resistance
 q - 5 potions of agility
Miscellaneous
 p - 2 boxes of beasts
 L - a lightning rod (4/4)
 Q - a phantom mirror
 U - a phial of floods
Comestibles
 a - 6 chunks of flesh
 f - 5 bread rations
 z - 42 fruits
 A - 4 meat rations


   Skills:
 - Level 10.6 Fighting
 - Level 17.0 Axes
 - Level 10.0 Armour
 * Level 9.5 Dodging
 - Level 15.2 Shields
 + Level 13.1 Invocations
 * Level 11.5 Evocations


You had 8 spell levels left.
You knew the following spells:

 Your Spells              Type           Power        Failure   Level  Hunger
a - Swiftness             Chrm/Air       #.......     99%         2    ###....


Dungeon Overview and Level Annotations

Branches:
Dungeon (1/1)

Altars:
Ashenzari
Cheibriados
Dithmenos
Elyvilon
Fedhas
Gozag
Hepliaklqana
Kikubaaqudgha
Makhleb
Nemelex Xobeh
Okawaru
Qazlal
Ru
Sif Muna
Trog
Uskayaw
Vehumet
Xom
Yredelemnul
Zin
The Shining One
Beogh
Jiyva
Lugonu

Annotations:
D 1 transporter


Innate Abilities, Weirdness & Mutations

You are resistant to damage.
You can heal yourself by infusing magical energy.
You passively map the area around you.
You do not regenerate.


Message History

The Brimstone Fiend is heavily wounded.
You slash Javausmoast!
You break out of your daze!
You kill the rakshasa!
Your Dodging skill increases to level 9!
Your Evocations skill increases to level 11!
You slash Bifa!
Visions of slaying Javausmoast flood into your mind.
You block the Brimstone Fiend's attack.
GONNNNG!
The Brimstone Fiend hits you but does no damage.
You block the Brimstone Fiend's attack.
BONNNG!
Ateyth is lost in a daze.
Javausmoast hits you!!
* * * LOW HITPOINT WARNING * * *
Javausmoast freezes you!
* * * LOW HITPOINT WARNING * * *
Abodacaq gestures at you.
You struggle to resist.
Bifa hits you!!
You die...

* * * ▓▓▓▓▓▓▓▓▓▓▓▓▓▓▓▓▓▓▓
, 8© ,
▓...8©8...▓...8©8...▓ * ,
, ,▓..[}?::..▓..[|=)}..▓
*, ,
▓..)[[[§..▓...).))..▓ , ,
,,,
,▓......§..▓.........▓ ,
▓.........▓..)).....▓ ,
,, ▓.3.rr....▓.........▓
8 * , ,
,▓..)&&&...▓.........▓ *
,*,,▓..1@.&...▓.▓.....▓.▓
,8 ▓.........▓.........▓
, , ,,,
▓.........▓▓▓▓▓▓▓▓▓▓▓
8*** * * ▓▓▓▓▓▓▓▓▓▓▓ * *
** * * * , , , 8© , , , ,
, , , , ,, , , , ,, , , ,
, , , , ,, ,,


You could see Abodacaq (dazed), Ateyth (dazed), Bifa (dazed), Javausmoast
(dazed), a Brimstone Fiend (dazed), 2 hell rats and a friendly sun demon.

Vanquished Creatures
  An eldritch tentacle (D)
  A purple draconian (D)
  A green draconian (D)
  A white draconian (D)
  A green death (D)
  A rakshasa (D)
  A two-headed ogre (D)
  A dancing weapon (D)
  A sun demon (D)
  2 soul eaters (D)
  A deep elf knight (D)
  2 draconians (D)
  3 ugly things (D)
  A naga mage (D)
  3 black mambas (D)
  A smoke demon (D)
  An orange demon (D)
  A rime drake (shapeshifter) (D)
  A hellwing (D)
  2 trolls (D)
  A polar bear (shapeshifter) (D)
  A hornet (shapeshifter) (D)
  A yak (D)
  2 neqoxecs (D)
  A porcupine (D)
  An eye of draining (D)
  A tengu (shapeshifter) (D)
  A bullfrog (D)
  2 wights (D)
  A crimson imp (D)
  An iguana (D)
  4 jellies (D)
  A shadow imp (D)
  An adder zombie (D)
  2 ball pythons (D)
  A bat zombie (D)
  A jackal skeleton (D)
  A quokka zombie (D)
51 creatures vanquished.

Vanquished Creatures (collateral kills)
  A draconian (D)
  A naga mage (D)
  An orange demon (D)
  A raiju (shapeshifter) (D)
  A naga (D)
  A naga (shapeshifter) (D)
  A phantom (D)
  A bat skeleton (D)
  A giant cockroach zombie (D)
9 creatures vanquished.

Grand Total: 60 creatures vanquished

Notes
Turn   | Place    | Note
-------+----------+-------------------------------------------
     0 | D        | hilaritas the Deep Dwarf Fighter began the quest for the Orb.
     0 | D        | Reached XP level 1. HP: 20/20 MP: 1/1
    14 | D        | Found a blossoming altar of Fedhas.
    15 | D        | Found a viscous altar of Jiyva.
    15 | D        | Found a hazy altar of Hepliaklqana.
    15 | D        | Found a transporter.
    15 | D        | Found an opulent altar of Gozag.
    15 | D        | Found an ancient bone altar of Kikubaaqudgha.
    15 | D        | Found a corrupted altar of Lugonu.
    20 | D        | Found a deep blue altar of Sif Muna.
    20 | D        | Found a sacrificial altar of Ru.
    20 | D        | Found a bloodstained altar of Trog.
    20 | D        | Found a stormy altar of Qazlal.
    20 | D        | Found an iron altar of Okawaru.
    20 | D        | Found a sparkling altar of Nemelex Xobeh.
    22 | D        | Found a burning altar of Makhleb.
    66 | D        | Became a worshipper of Uskayaw the Reveler
    68 | D        | Reached XP level 2. HP: 27/27 MP: 2/2
    80 | D        | Entered arena 2.
    80 | D        | Noticed a deep elf knight
    80 | D        | Noticed a war axe of chopping
    80 | D        | Found a transporter.
    83 | D        | Reached * piety under Uskayaw
    84 | D        | Killed a war axe of chopping
    84 | D        | Reached skill level 14 in Axes
    84 | D        | Reached XP level 3. HP: 14/33 MP: 3/3
    84 | D        | Reached XP level 4. HP: 17/40 MP: 4/4
    84 | D        | Reached XP level 5. HP: 20/46 MP: 5/5
    84 | D        | Reached XP level 6. HP: 24/55 MP: 6/6
    84 | D        | Reached XP level 7. HP: 27/61 MP: 7/7
    84 | D        | Reached ** piety under Uskayaw
    94 | D        | Killed a deep elf knight
    94 | D        | Reached skill level 17 in Axes
    94 | D        | Reached XP level 8. HP: 29/68 MP: 3/8
   240 | D        | Entered arena 3.
   240 | D        | Noticed a troll
   240 | D        | Noticed a troll
   240 | D        | Noticed a two-headed ogre
   240 | D        | Found a transporter.
   246 | D        | Killed a two-headed ogre
   246 | D        | Reached skill level 5 in Fighting
   246 | D        | Reached skill level 5 in Armour
   246 | D        | Reached *** piety under Uskayaw
   247 | D        | Killed a troll
   247 | D        | Reached skill level 10 in Shields
   247 | D        | Reached skill level 5 in Invocations
   247 | D        | Gained mutation: You passively map the area around you. [Deep Dwarf growth]
   247 | D        | Reached XP level 9. HP: 66/85 MP: 4/11
   247 | D        | Killed a troll
   247 | D        | Reached **** piety under Uskayaw
   330 | D        | Entered arena 4.
   330 | D        | Found a transporter.
   352 | D        | Entered arena 5.
   352 | D        | Noticed a rime drake
   352 | D        | Noticed a purple ugly thing
   352 | D        | Found a transporter.
   360 | D        | Killed a purple ugly thing
   361 | D        | Noticed a polar bear
   361 | D        | Killed a rime drake
   362 | D        | Killed a polar bear
   362 | D        | Reached ***** piety under Uskayaw
   376 | D        | Got the +5 long sword "Soram" {flame, rElec rC+ Str-5 Dex+4}
   390 | D        | Learned a level 2 spell: Swiftness
   392 | D        | Entered arena 6.
   392 | D        | Found a transporter.
   403 | D        | Identified the Tome of Spatial Creation (You found it in the Dungeon)
   404 | D        | Got the ring "Ryaqext" {Fire rN+ Str+6 SInv}
   408 | D        | Entered arena 7.
   408 | D        | Noticed a purple draconian
   408 | D        | Noticed a draconian
   408 | D        | Noticed a green draconian
   408 | D        | Noticed a white draconian
   408 | D        | Noticed a draconian
   408 | D        | Noticed a draconian
   409 | D        | Found a transporter.
   415 | D        | Killed a draconian
   416 | D        | Killed a draconian
   416 | D        | Reached XP level 10. HP: 84/102 MP: 8/15
   416 | D        | Killed a draconian
   416 | D        | Reached skill level 10 in Fighting
   417 | D        | Killed a white draconian
   420 | D        | Killed a green draconian
   420 | D        | Reached skill level 10 in Invocations
   421 | D        | Killed a purple draconian
   442 | D        | Identified the Papyrus of the Icy Escort (You found it in the Dungeon)
   446 | D        | Entered arena 8.
   446 | D        | Noticed a red ugly thing
   446 | D        | Noticed a purple ugly thing
   447 | D        | Found a transporter.
   451 | D        | Reached skill level 10 in Armour
   453 | D        | Killed a purple ugly thing
   453 | D        | Reached skill level 1 in Dodging
   453 | D        | Reached skill level 1 in Evocations
   454 | D        | Killed a red ugly thing
   454 | D        | Reached XP level 11. HP: 97/110 MP: 14/18
   475 | D        | Identified the Disquisition on Lightness and the Frostbite (You found it in the Dungeon)
   480 | D        | Entered arena 9.
   480 | D        | Noticed a soul eater
   480 | D        | Noticed a sun demon
   480 | D        | Noticed a soul eater
   481 | D        | Found a transporter.
   486 | D        | Killed a soul eater
   487 | D        | Killed a sun demon
   487 | D        | Reached skill level 5 in Evocations
   491 | D        | Killed a soul eater
   491 | D        | Reached skill level 15 in Shields
   493 | D        | Reached skill level 5 in Dodging
   519 | D        | Entered arena 10.
   520 | D        | Found a transporter.
   586 | D        | Entered arena 11.
   587 | D        | Found a transporter.
   622 | D        | Entered arena 12.
   622 | D        | Noticed a Brimstone Fiend
   622 | D        | Noticed Bifa the pandemonium lord
   622 | D        | Noticed a rakshasa
   622 | D        | Noticed Ateyth the pandemonium lord
   623 | D        | Noticed Abodacaq the pandemonium lord
   623 | D        | Noticed a green death
   623 | D        | Noticed Javausmoast the pandemonium lord
   624 | D        | Found a transporter.
   631 | D        | Killed a green death
   631 | D        | Reached skill level 10 in Evocations
   637 | D        | Killed a rakshasa
   637 | D        | Mangled by Bifa the pandemonium lord

Skill      XL: |  1  2  3  4  5  6  7  8  9 10 11 |
---------------+----------------------------------+-----
Shields        | 8 10 11 14 15 | 15.2
Axes           | 14 17 | 17.0
Fighting       | 6 9 10 | 10.6
Armour         | 5 7 10 | 10.0
Invocations    | 5 8 12 13 | 13.1
Dodging        | 2 9 |  9.5
Evocations     | 3 11 | 11.5

Action                   |  1- 3 |  4- 6 |  7- 9 | 10-12 || total
-------------------------+-------+-------+-------+-------++-------
Melee: Broad axe         |     3 |       |    37 |    45 ||    85
Invok: Line Pass         |       |       |     1 |       ||     1
       Stomp             |       |       |     2 |       ||     2
 Abil: Heal Wounds       |       |       |     3 |     4 ||     7
  Use: Potion            |     1 |       |       |     3 ||     4
       Scroll            |       |       |       |     1 ||     1
 Stab: Paralysed         |       |       |     5 |    15 ||    20
Armor: Gold dragon scale |     1 |       |     8 |    14 ||    23
Dodge: Dodged            |       |       |       |     5 ||     5
Block: Shield            |     5 |       |    43 |    63 ||   111
